 Dungeon Crawl Stone Soup version 0.31.0-11-ge490571c62 (webtiles) character file.

Game seed: 10672498904392996851

47 browni3141 the Firebug (level 3, -6/26 HPs)
             Began as a Demonspawn Fire Elementalist on Jan 30, 2024.
             Mangled by a sleepcap (21 damage)
             ... on level 3 of the Dungeon.
             The game lasted 00:04:06 (3656 turns).

browni3141 the Firebug (DsFE)                       Turns: 3656, Time: 00:04:07

Health: -6/26      AC:  2    Str:  8    XL:     3   Next: 48%
Magic:  1/6        EV:  2    Int: 17    God:
Gold:   148        SH:  0    Dex: 13    Spells: 3/6 levels left

rFire   . . .        h - +0 dagger
rCold   . . .        (no shield)
rNeg    . . .        a - +0 robe
rPois   .            (no helmet)
rElec   .            (no cloak)
rCorr   .            (no gloves)
SInv    .            (no boots)
Will    .....        (no amulet)
Stlth   ++           (no ring)
HPRegen 0.24/turn    (no ring)
MPRegen 0.10/turn

%: no passive effects
@: sleeping
A: powered by death 1, weakness stinger 1
a: no special abilities


You were on level 3 of the Dungeon.
You visited 1 branch of the dungeon, and saw 3 of its levels.

You collected 148 gold pieces.

Inventory:

Hand Weapons
 h - a +0 dagger (weapon)
Missiles
 d - 3 javelins
 g - 6 boomerangs
Armour
 a - a +0 robe (worn)
Scrolls
 c - a scroll of teleportation {unknown}
 e - 2 scrolls of identify {unknown}
 j - a scroll of fog {unknown}
Potions
 b - a potion of magic
 f - a potion of might {unknown}
 i - a potion of enlightenment {unknown}
 k - a potion of heal wounds {unknown}
 l - a potion of haste {unknown}


   Skills:
 - Level 1.0 Fighting
 - Level 2.0 Dodging
 - Level 2.0 Stealth
 + Level 2.4 Spellcasting
 - Level 2.0 Conjurations
 - Level 3.0 Fire Magic


You had 3 spell levels left.
You knew the following spells:

 Your Spells              Type           Power      Damage    Failure   Level
a - Foxfire               Conj/Fire      40%        2x1d6     7%          1
b - Scorch                Fire           24%        2d6       9%          2

Your spell library contained the following spells:

 Spells                   Type           Power      Damage    Failure   Level
 Inner Flame              Hex/Fire       7%         N/A       30%         3
 Volatile Blastmotes      Fire/Tloc      14%        2d11      30%         3
 Stone Arrow              Conj/Erth      10%        3d7       36%         3
 Flame Wave               Conj/Fire      10%        2d6       54%         4
 Animate Armour           Summ/Erth      4%         N/A       88%         4
 Lehudib's Crystal Spear  Conj/Erth      2%         10d2      100%        8


Dungeon Overview and Level Annotations

Branches:
Dungeon (3/15)

Altars:

Shops:
D:1 =


Innate Abilities, Weirdness & Mutations

You regenerate a little health from kills.
You have a small tail.


Message History

There is an open door here.
There is an open door here.
Done exploring.
There is a stone staircase leading down here.
You climb downwards.
There is a stone staircase leading up here.
You now have 125 gold pieces (gained 8).
You now have 139 gold pieces (gained 14).
A quokka comes into view.
A quokka is nearby!
A quokka is nearby!
A quokka is nearby!
You conjure some foxfire!
You conjure some foxfire!
The foxfire hits the quokka.
The quokka is severely wounded.
You conjure some foxfire!
The foxfire hits the quokka.
You kill the quokka!
Your foxfire dissipates!
Training target 2.0 for Conjurations reached!
Your Conjurations skill increases to level 2!
Magic restored.
You see here a quokka corpse.
You now have 148 gold pieces (gained 9).
Found a stone staircase leading up.
There is a stone staircase leading up here.
A goblin and a giant cockroach come into view.
There are monsters nearby!
There are monsters nearby!
You conjure some foxfire!
You conjure some foxfire!
The foxfire hits the goblin.
The goblin is almost dead.
The goblin shouts!
The foxfire hits the goblin.
You kill the goblin!
The foxfire hits the giant cockroach.
The giant cockroach is severely wounded.
You hit the giant cockroach but do no damage.
The giant cockroach is severely wounded.
The giant cockroach barely misses you.
You hit the giant cockroach.
You kill the giant cockroach!
No target in view!
You see here a giant cockroach corpse.
Things that are here:
a +0 club; a goblin corpse
Things that are here:
a +0 club; a goblin corpse You see here a giant cockroach corpse.
There is a stone staircase leading up here.
An endoplasm comes into view.
An endoplasm is nearby!
An endoplasm is nearby!
An endoplasm is nearby!
You conjure some foxfire!
Your foxfire dissipates!
The foxfire hits the endoplasm.
The endoplasm is heavily wounded.
There is a stone staircase leading up here.
You conjure some foxfire!
The foxfire hits the endoplasm.
You kill the endoplasm!
Your foxfire dissipates!
A sleepcap comes into view.
The sleepcap moves out of view.
A sleepcap is nearby!
A sleepcap is nearby!
You conjure some foxfire!
You conjure some foxfire!
The foxfire hits the sleepcap.
The sleepcap is lightly damaged.
You conjure some foxfire!
The foxfire hits the sleepcap.
The sleepcap is moderately damaged.
The foxfire hits the sleepcap.
The sleepcap is moderately damaged.
You conjure some foxfire!
Your foxfire dissipates!
The foxfire hits the sleepcap.
The sleepcap is moderately damaged.
Casting: Foxfire (safe; 7% risk of failure)
Confirm with . or Enter, or press ? or * to list all spells.
Flames lash the sleepcap.
The sleepcap is heavily damaged.
The sleepcap's fire resistance burns away.
The foxfire hits the sleepcap.
The sleepcap is heavily damaged.
The foxfire hits the sleepcap but does no damage.
The sleepcap is heavily damaged.
Your foxfire dissipates!
Casting: Scorch (safe; 9% risk of failure)
Confirm with . or Enter, or press ? or * to list all spells.
You don't have enough magic to cast this spell.
The sleepcap releases spores at you but does no damage.
The sleepcap releases spores at you!
The sleepcap is no longer more vulnerable to fire.
The sleepcap misses you. The sleepcap attacks as it pursues you!
The sleepcap releases spores at you.
You are engulfed in a cloud of soporific spores!
You fall asleep.
The sleepcap releases spores at you!!
Ouch! That really hurt!
You die...

.. #. #. #.##########
######.#.........
.......#.########
#.......#
#.....f.###############
#.....@................
######.#.##############
#.#.#.############
#.#.#...........##
#.#.........###.##
#.#...........#.##
#.#.#.#######.#.##
#.#.#.........#.##
#.#.#########.#.##


You could see a sleepcap.

Vanquished Creatures
  2 dart slugs (D:2)
  A ribbon worm (D:2)
  5 endoplasms
  5 giant cockroaches
  4 goblins
  3 hobgoblins (D:1)
  2 quokkas
  2 ball pythons
  A bat (D:2)
  5 frilled lizards
  3 kobolds
  5 rats
38 creatures vanquished.

Vanquished Creatures (others)
  128 foxfires
128 creatures vanquished.

Grand Total: 166 creatures vanquished

Notes
Turn   | Place    | Note
-------+----------+-------------------------------------------
     0 | D:1      | browni3141 the Demonspawn Fire Elementalist began the quest
                  | for the Orb.
     0 | D:1      | Reached XP level 1. HP: 13/13 MP: 3/3
   593 | D:1      | Gained mutation: You regenerate a little health from kills.
                  | [demonic ancestry]
   593 | D:1      | Reached XP level 2. HP: 19/19 MP: 0/5
   972 | D:1      | Found Vinagos's Jewellery Emporium.
  1004 | D:1      | Reached skill level 1 in Fighting
  1007 | D:1      | Learned a level 2 spell: Scorch
  2066 | D:2      | Gained mutation: You have a small tail. [demonic ancestry]
  2066 | D:2      | Reached XP level 3. HP: 26/26 MP: 3/6
  2270 | D:2      | Reached skill level 3 in Fire Magic
  3656 | D:3      | Mangled by a sleepcap

Illustrated notes

Levels and vault maps discovered:
D:1:      kilobyte_arrival_exit_the_forest, layout_basic, serial_shops, shop,
          nrook_campfire
D:2:      layout_loops_corners
D:3:      layout_basic, mainiacjoe_overflow_big_doors

Skill      XL: |  1  2  3 |
---------------+----------+-----
Stealth        | 2 |  2.0
Dodging        | 2 |  2.0
Fighting       | 1 |  1.0
Fire Magic     | 3 |  3.0
Conjurations   | 2 |  2.0
Spellcasting   | |  2.4

Action                     || total
---------------------------++-------
  Melee: Unarmed           ||    25
         Dagger            ||     2
   Cast: Foxfire           ||    77
         Scorch            ||     5
 Armour: Robe              ||    20
  Dodge: Dodged            ||    24
